 Dungeon Crawl Stone Soup version 0.32-a0-893-gf85d74f360 (webtiles) character file.

Game seed: 9913167525192816289

5068 redmage the Cleaver (level 10, -1/94 HPs)
             Began as a Mountain Dwarf Fighter on Apr 3, 2024.
             Slain by a cyan ugly thing (10 damage)
             ... on level 7 of the Dungeon.
             The game lasted 00:14:06 (6358 turns).

redmage the Cleaver (Mountain Dwarf Fighter)        Turns: 6358, Time: 00:14:06

Health: -1/94      AC: 13    Str: 23    XL:     10   Next: 31%
Magic:  0/19       EV:  9    Int:  9    God:
Gold:   393        SH:  6    Dex:  9    Spells: 9/9 levels left

rFire   . . .        a - +2 broad axe (drain)
rCold   . . .        c - +0 buckler
rNeg    . . .        I - +1 swamp dragon scales
rPois   +            t - +2 helmet
rElec   .            j - +0 cloak
rCorr   .            (no gloves)
SInv    .            (no boots)
Will    +....        w - amulet of guardian spirit Stlth
                     E - ring of magical power
HPRegen 0.35/turn    (no ring)
MPRegen 0.16/turn

%: guardian spirit
@: no status effects
A: runic magic, artefact enchanting
a: no special abilities


You were on level 7 of the Dungeon.
You visited 1 branch of the dungeon, and saw 8 of its levels.

You collected 393 gold pieces.

Inventory:

Hand Weapons
 a - a +2 broad axe of draining (weapon)
 H - a +0 war axe
Missiles
 C - 4 boomerangs (quivered)
 J - a throwing net
Armour
 c - a +0 buckler (worn)
 h - a +0 plate armour
 j - a +0 cloak (worn)
 t - a +2 helmet (worn)
 I - +1 swamp dragon scales (worn)
Jewellery
 l - a ring of fire
 w - an amulet of guardian spirit (around neck)
 E - a ring of magical power (left hand)
Talismans
 F - a serpent talisman
Wands
 r - a wand of acid (12)
 B - a wand of paralysis (7)
 L - a wand of flame (20)
 M - a wand of mindburst (3)
Scrolls
 e - 3 scrolls of identify {unknown}
 g - 3 scrolls of fog {unknown}
 k - a scroll of enchant weapon {unknown}
 p - 2 scrolls of revelation {unknown}
 q - 2 scrolls of poison {unknown}
 u - 2 scrolls of amnesia {unknown}
 x - a scroll of noise {unknown}
 y - 3 scrolls of vulnerability
 z - 2 scrolls of immolation {unknown}
 D - a scroll of teleportation {unknown}
 G - a scroll of enchant armour {unknown}
 K - a scroll of fear {unknown}
Potions
 b - 2 potions of heal wounds {unknown}
 d - a potion of might
 f - 6 potions of curing {unknown}
 i - 3 potions of attraction {unknown}
 m - 2 potions of berserk rage {unknown}
 n - a potion of mutation {unknown}
 o - 2 potions of degeneration {unknown}
 s - 2 potions of invisibility {unknown}
 v - 6 potions of haste {unknown}
 A - a potion of brilliance {unknown}


   Skills:
 + Level 10.4 Fighting
 + Level 10.7 Axes
 - Level 3.2 Armour
 + Level 10.2 Shields


You had 9 spell levels left.
You didn't know any spells.
Your spell library contained the following spells:

 Spells                   Type           Power      Damage    Failure   Level
 Summon Small Mammal      Summ           0%         N/A       45%         1
 Blink                    Tloc           0%         N/A       61%         2
 Lesser Beckoning         Tloc           0%         N/A       61%         2
 Mercury Vapours          Alch/Air       0%         N/A       61%         2
 Momentum Strike          Conj/Tloc      0%         3d8       61%         2
 Call Canine Familiar     Summ           0%         N/A       83%         3
 Mephitic Cloud           Conj/Alch/Air  0%         N/A       83%         3
 Summon Blazeheart Golem  Fire/Summ      0%         N/A       99%         4
 Freezing Cloud           Conj/Ice/Air   0%         6-21      100%        5


Dungeon Overview and Level Annotations

Branches:
Dungeon (8/15)             Temple (0/1) D:7
   Lair: D:8-11

Altars:
Kikubaaqudgha
Makhleb
Okawaru
Qazlal

Annotations:
D:4 2 transporters, EvilEddieB's ghost, amateur DsNe


Innate Abilities, Weirdness & Mutations

Your spellcasting is much less encumbered by armour.
You can use scrolls of enchantment on lesser artefacts.


Message History

You block the centaur's attack.
The centaur kicks you but does no damage.
The cyan ugly thing engulfs you. The cyan ugly thing shocks you!
You closely miss the centaur.
The centaur is heavily wounded.
You barely miss the cyan ugly thing.
The centaur hits you but does no damage.
You block the centaur's attack. The cyan ugly thing engulfs you.
The cyan ugly thing shocks you!
The centaur hits you but does no damage.
The centaur kicks you but does no damage.
You slash the centaur!
You kill the centaur!
You closely miss the cyan ugly thing. The cyan ugly thing engulfs you.
The cyan ugly thing shocks you! The cyan ugly thing engulfs you.
The cyan ugly thing shocks you!
Unknown command.
You are too injured to fight recklessly!
Unknown command.
You are too injured to fight recklessly!
The cyan ugly thing engulfs you. The cyan ugly thing shocks you!
* * * LOW HITPOINT WARNING * * *
Things that are here:
a +0 shortbow; a centaur corpse You slash the cyan ugly thing!
The cyan ugly thing is moderately wounded.
The cyan ugly thing engulfs you.
* * * LOW HITPOINT WARNING * * *
The cyan ugly thing shocks you!
* * * LOW HITPOINT WARNING * * *
You hit the cyan ugly thing.
The cyan ugly thing is moderately wounded.
The cyan ugly thing completely misses you.
Unknown command.
You barely miss the cyan ugly thing.
The cyan ugly thing is moderately wounded.
The cyan ugly thing engulfs you.
* * * LOW HITPOINT WARNING * * *
The cyan ugly thing shocks you!
You die...

.##......##.......#.....#
...##....#..###+###.....####
#....##.##.................#
###....##..................#
##.##..##..................#
.#...###...................#
.##...##...................#
..###.#.........u.>........#
..##.##.........@..........######
...#.#...####.....########.......
...#+#.### #.....# #.......
.......# #.....# #.......
.......# #.....# #.......
.......# #.....# #.......
.......# #.....### ##.......
.รท.....# #.......# #........
.......# #.......# #........


You could see a cyan ugly thing (drained).

Vanquished Creatures
  An ugly thing (D:8)
  Maggie (D:6)
  6 yaks (D:7)
  Menkaure (D:7)
  4 water moccasins
  Duvessa (D:7)
  An ice beast (D:7)
  2 sky beasts (D:7)
  A black bear (D:5)
  2 ogres
  2 centaurs (D:7)
  3 phantoms
  2 kobold brigands
  2 bullfrogs (D:7)
  5 scorpions
  4 wights
  Dowan (D:7)
  5 killer bees
  A howler monkey (D:6)
  2 bombardier beetles
  An orc priest (D:8)
  7 hounds
  2 gnoll boudas
  3 iguanas
  Ijyb (D:4)
  3 orc wizards
  Natasha (thrice) (D:2)
  11 gnolls
  9 adders
  A shadow imp (D:6)
  3 white imps
  An ufetubus (D:7)
  2 dart slugs
  11 orcs
  7 ball pythons
  5 bats
  8 endoplasms
  4 giant cockroaches
  4 goblins
  3 hobgoblins
  12 kobolds
  4 frilled lizards
  4 rats
156 creatures vanquished.

Notes
Turn   | Place    | Note
-------+----------+-------------------------------------------
     0 | D:1      | redmage the Mountain Dwarf Fighter began the quest for the
                  | Orb.
     0 | D:1      | Reached XP level 1. HP: 19/19 MP: 1/1
   490 | D:1      | Reached XP level 2. HP: 25/26 MP: 2/2
   734 | D:2      | Noticed Natasha
   741 | D:2      | Killed Natasha
   742 | D:2      | Reached XP level 3. HP: 28/33 MP: 3/3
   797 | D:2      | Reached XP level 4. HP: 36/40 MP: 4/4
  1259 | D:2      | Noticed Natasha
  1268 | D:2      | Killed Natasha
  1364 | D:2      | Noticed Natasha
  1369 | D:2      | Killed Natasha
  1370 | D:2      | Reached XP level 5. HP: 45/47 MP: 5/5
  1571 | D:3      | Found an iron altar of Okawaru.
  1869 | D:4      | Found an ancient bone altar of Kikubaaqudgha.
  1954 | D:4      | Found a transporter.
  1960 | D:4      | Found a transporter.
  1981 | D:4      | Identified the +5 spear of Dusiumyo {chaos, *Noise Fly
                  | rElec rN++}
  2102 | D:4      | Reached skill level 5 in Fighting
  2102 | D:4      | Reached skill level 5 in Shields
  2231 | D:4      | Noticed a phantom
  2257 | D:4      | Killed a phantom
  2258 | D:4      | Reached XP level 6. HP: 50/56 MP: 4/6
  2320 | D:4      | Reached skill level 5 in Axes
  2331 | D:4      | Found a burning altar of Makhleb.
  2352 | D:4      | Found a stormy altar of Qazlal.
  2381 | D:4      | Noticed Ijyb
  2391 | D:4      | Killed Ijyb
  2617 | D:4      | Noticed EvilEddieB's ghost (amateur DsNe)
  2674 | D:5      | Entered Level 5 of the Dungeon
  2690 | D:4      | Reached XP level 7. HP: 32/62 MP: 2/7
  3377 | D:5      | Reached XP level 8. HP: 29/71 MP: 4/8
  4082 | D:6      | Identified the +0 leather armour of the Carpenter {Will+
                  | Int+2}
  4342 | D:6      | Noticed Maggie
  4358 | D:6      | Killed Maggie
  4604 | D:6      | Reached XP level 9. HP: 56/81 MP: 9/9
  5284 | D:7      | Reached skill level 10 in Axes
  5378 | D:7      | Noticed Dowan
  5379 | D:7      | Noticed Duvessa
  5385 | D:7      | Killed Dowan
  5390 | D:7      | Killed Duvessa
  5391 | D:7      | Reached XP level 10. HP: 75/93 MP: 10/10
  5494 | D:7      | Noticed Menkaure
  5500 | D:7      | Killed Menkaure
  5524 | D:7      | Reached skill level 10 in Fighting
  5823 | D:7      | Found a staircase to the Ecumenical Temple.
  5922 | D:7      | Noticed a cyan ugly thing
  5922 | D:7      | Noticed a cyclops
  5922 | D:7      | Noticed a white ugly thing
  5922 | D:7      | Noticed a gargoyle
  5922 | D:7      | Noticed a manticore
  5988 | D:8      | Reached skill level 10 in Shields
  6210 | D:8      | Killed a white ugly thing
  6358 | D:7      | Slain by a cyan ugly thing

Illustrated notes

Levels and vault maps discovered:
D:1:      minmay_arrival_plants_in_alcoves, layout_basic
D:2:      layout_basic, uniq_natasha
D:3:      layout_basic, mainiacjoe_overflow_six_doors_small
D:4:      layout_basic, kiku_gazebo_garden_becter,
          amethyst_overflow_temple_binary, gammafunk_ghost_gnarly_gnolls,
          uniq_ijyb
D:5:      layout_loops_cross, chequers_serial_rivers_small_a
D:6:      layout_cave_pools, minmay_holes, kennysheep_generic_room_11,
          uniq_maggie
D:7:      minmay_the_grid_triangle_9x9_recursive_2
          [minmay_the_grid_triangle_9x9_prize_insulated,
          minmay_the_grid_triangle_9x9_steps,
          minmay_the_grid_triangle_9x9_alien,
          minmay_the_grid_triangle_9x9_odd_lines], layout_gridville,
          lemuel_temple_firewalk_b, minmay_fractal_squares_gapless_5,
          uniq_menkaure, uniq_duvessa
D:8:      layout_gridville, kennysheep_generic_room_3, uniq_psyche

Skill      XL: |  1  2  3  4  5  6  7  8  9 10 |
---------------+-------------------------------+-----
Axes           | 3 4 5 6 8 10 | 10.7
Fighting       | 4 5 6 8 9 10 | 10.4
Shields        | 4 5 6 8 9 10 | 10.2
Armour         | |  3.2

Action                     |  1- 3 |  4- 6 |  7- 9 | 10-12 || total
---------------------------+-------+-------+-------+-------++-------
  Melee: War axe           |    32 |   204 |   164 |       ||   400
         Broad axe         |       |       |   103 |    66 ||   169
  Evoke: Wand              |       |       |     6 |     2 ||     8
    Use: Scroll            |       |       |       |     1 ||     1
   Stab: Paralysed         |       |       |    10 |       ||    10
 Armour: Scale mail        |     7 |       |       |       ||     7
         Plate armour      |    32 |   210 |   202 |       ||   444
         Swamp dragon scal |       |       |    93 |    50 ||   143
  Dodge: Dodged            |     8 |    42 |   124 |    23 ||   197
  Block: Buckler           |     8 |    47 |    88 |    20 ||   163

Table legend: (Time is in decaauts)
 A = Elapsed time spent in this place.
 B = Non-inter-level travel time spent in this place.
 C = Inter-level travel time spent in this place.
 D = Time resting spent in this place.
 E = Time spent auto-exploring this place.
 F = Levels seen in this place.
 G = Mean time per level.
                   A        B        C        D        E       F      G
               +--------+--------+--------+--------+--------+-----+--------+
         Total |   6499 |   6162 |    337 |    227 |   4612 |   8 |  812.4 |
       Dungeon |   6499 |   6162 |    337 |    227 |   4612 |   8 |  812.4 |
               +--------+--------+--------+--------+--------+-----+--------+

Top non-repeatable levels by time:
     D:5: 1333 daAuts
     D:7: 1191 daAuts
     D:4: 907 daAuts
     D:2: 835 daAuts
     D:6: 770 daAuts
     D:1: 575 daAuts
     D:3: 493 daAuts
     D:8: 392 daAuts
